AoeStats
← Kingslayers_

Yucatan

510284209Analyzed
4v4 RM · 1d ago on Sep 30, 2026· 59m 0s· 8 players
Game mode
Random Map
Map size
Large (8 player)
Population
200
Speed
Normal
Resources
Standard
Victory
Conquest
Starting age
Dark Age
Ending age
Imperial Age
RankedLock teamsTeams togetherTeam positionsShared explorationLock speedFull tech treeHidden civsTurbo modeCheats
Victory
Defeat
🇪🇸 Spanish · Spain
880
+13
🇦🇺 Danes · Australia
864
+13
🇩🇪 Japanese · Germany
770
+17
🇮🇹 Khmer · Italy
704
+20
🇮🇩 Magyars · Indonesia
850
-18
🇧🇬 Dravidians · Bulgaria
827
-17
🇨🇳 Britons · China
802
-16
🇨🇳 Danes · China
715
-12
GibranRakatiwing
0:29 Loom
12:32 Feudal Age
13:37 Double-Bit Axe
13:44 Gold Mining
13:46 Stone Mining
14:42 Scale Barding Armor
14:21 Horse Collar
16:50 Bloodlines
21:56 Wheelbarrow
26:52 Castle Age
28:24 Husbandry
27:46 Light Cavalry
28:54 Chain Barding Armor
30:19 Heavy Plow
37:10 Hand Cart
37:12 Bow Saw
40:13 Imperial Age
40:34 Sanctity
40:16 Devotion
40:27 Fervor
41:23 Conscription
40:26 Cavalier
41:49 Plate Barding Armor
41:46 Crop Rotation
41:53 Gold Shaft Mining
42:19 Two-Man Saw
42:36 Coinage
43:36 Masonry
43:08 Treadmill Crane
43:27 Guard Tower
44:39 Chemistry
43:36 Murder Holes
44:43 Block Printing
45:52 Theocracy
44:55 Paladin
56:28 Herbal Medicine
ksffvbh
0:45 Loom
15:19 Feudal Age
17:37 Wheelbarrow
17:14 Gold Mining
17:11 Double-Bit Axe
24:35 Stone Mining
25:05 Fletching
25:15 Padded Archer Armor
26:23 Horse Collar
29:27 Castle Age
32:21 Gold Shaft Mining
31:49 Caravan
32:42 Hand Cart
32:40 Bow Saw
34:35 Bodkin Arrow
34:55 Leather Archer Armor
39:04 Imperial Age
39:15 Ballistics
38:36 Treadmill Crane
40:24 Conscription
40:13 Heavy Plow
41:16 Two-Man Saw
41:45 Chemistry
40:51 Siege Engineers
42:14 Yeomen
41:37 Elite Longbowman
45:09 Warwolf
49:26 Bracer
49:56 Ring Archer Armor
诺
0:40 Loom
12:52 Feudal Age
22:03 Castle Age
20:13 Double-Bit Axe
20:32 Horse Collar
20:48 Gold Mining
25:13 Bow Saw
27:15 Heavy Plow
30:29 Stone Mining
33:25 Scale Mail Armor
33:35 Forging
36:39 Imperial Age
34:49 Wheelbarrow
35:35 Iron Casting
35:15 Chain Mail Armor
36:00 Fletching
35:41 Hamask
37:14 Squires
36:34 Pikeman
37:00 Arson
38:21 Blast Furnace
37:52 Plate Mail Armor
37:50 Hand Cart
38:06 Bodkin Arrow
38:29 Onager
39:32 Northmen's Fury
40:49 Siege Engineers
48:09 Gold Shaft Mining
55:51 Siege Onager
Soulslayer
12:37 Feudal Age
16:29 Horse Collar
16:36 Double-Bit Axe
17:00 Fletching
20:12 Wheelbarrow
21:43 Castle Age
22:26 Heavy Plow
22:38 Bow Saw
24:54 Thumb Ring
28:34 Wheelbarrow
28:07 Caravan
29:41 Gold Mining
29:41 Stone Mining
32:15 Bodkin Arrow
36:54 Hand Cart
37:11 Padded Archer Armor
40:27 Imperial Age
38:10 Murder Holes
38:37 Ballistics
40:28 Masonry
40:29 Fortified Wall
41:11 Forging
42:18 Chemistry
41:49 Heated Shot
47:55 Leather Archer Armor
47:41 Bracer
49:37 Heavy Scorpion
49:40 Siege Elephant
Kingslayers_
3:47 Loom
12:38 Feudal Age
14:18 Double-Bit Axe
17:21 Castle Age
18:59 Bow Saw
26:19 Gold Mining
26:27 Horse Collar
27:25 Wheelbarrow
27:42 Stone Mining
30:59 Imperial Age
29:59 Stone Shaft Mining
30:02 Gold Shaft Mining
29:36 Scale Mail Armor
29:47 Forging
29:43 Scale Barding Armor
30:13 Heavy Plow
32:51 Chemistry
32:21 Elite Ballista Elephant
34:06 Hand Cart
34:01 Tusk Swords
34:32 Double Crossbow
34:53 Hand Cart
36:19 Chain Barding Armor
36:31 Chain Mail Armor
36:52 Iron Casting
37:18 Padded Archer Armor
37:09 Fletching
37:13 Town Watch
39:01 Plate Barding Armor
41:02 Leather Archer Armor
44:16 Ballistics
43:47 Heated Shot
44:08 Masonry
44:03 Siege Engineers
43:55 Murder Holes
44:10 Fortified Wall
43:51 Guard Tower
45:38 Tusk Swords
46:15 Hoardings
45:11 Sappers
46:01 Conscription
50:56 Elite Battle Elephant
51:38 Husbandry
51:49 Bloodlines
51:00 Light Cavalry
54:33 Blast Furnace
53:28 Bodkin Arrow
54:04 Ring Archer Armor
woojt92
3:17 Loom
14:56 Feudal Age
15:33 Double-Bit Axe
16:25 Wheelbarrow
15:37 Town Watch
15:47 Fishing Lines
16:15 Gold Mining
18:30 Horse Collar
19:45 Stone Mining
28:06 Castle Age
29:09 Bow Saw
29:40 Hand Cart
30:44 Forging
30:35 Scale Mail Armor
30:26 Fletching
31:03 Town Patrol
33:37 Imperial Age
32:02 Gillnets
32:56 Iron Casting
32:37 Chain Mail Armor
33:39 Yasama
35:57 Blast Furnace
36:31 Gold Shaft Mining
36:12 Treadmill Crane
36:47 Fortified Wall
36:33 Murder Holes
37:01 Squires
36:47 Arson
38:49 Plate Mail Armor
40:13 Two-Man Saw
39:37 Guard Tower
40:50 Chemistry
40:58 Town Patrol
41:45 Keep
40:56 Arrowslits
41:57 Ballistics
41:50 Masonry
42:40 Bodkin Arrow
44:25 Siege Engineers
45:16 Elite Samurai
49:16 Kataparuto
49:33 Hoardings
55:59 Bracer
56:05 Scale Barding Armor
56:04 Padded Archer Armor
Jordione
13:17 Feudal Age
17:52 Castle Age
15:41 Double-Bit Axe
16:55 Gold Mining
16:55 Stone Mining
19:45 Wheelbarrow
20:48 Horse Collar
27:25 Fishing Lines
27:50 Heavy Plow
28:31 Bow Saw
32:45 Bloodlines
32:38 Husbandry
33:42 Ballistics
34:01 Light Cavalry
39:27 Imperial Age
39:26 Pikeman
40:06 Squires
40:49 Conscription
40:47 Scale Barding Armor
40:52 Forging
41:58 Chemistry
41:18 Hussar
41:50 Loom
43:18 Two-Man Saw
46:09 Siphons
48:35 Chain Barding Armor
48:15 Scale Mail Armor
54:59 Hand Cart
55:56 Fletching
56:06 Padded Archer Armor
56:41 Iron Casting
56:43 Plate Barding Armor
Tormented Flexer
12:33 Feudal Age
13:52 Double-Bit Axe
13:53 Horse Collar
19:07 Castle Age
19:19 Stone Mining
19:38 Gold Mining
19:40 Loom
26:50 Hamask
30:56 Town Watch
32:17 Squires
33:33 Forging
33:24 Scale Mail Armor
33:17 Gambesons
33:19 Arson
40:28 Imperial Age
42:43 Conscription
42:27 Elite Jomsviking
44:36 Heavy Plow
45:39 Iron Casting
50:13 Chain Mail Armor
Connection lost

Rejoining the realm…

Still unreachable

The connection could not be restored.

Session expired

The server has moved on; the page needs a fresh start.